 Dungeon Crawl Stone Soup version 0.24.0-13-gcf9b3192b9 (webtiles) character file.

Game seed: 5531927530470363034, levelgen mode: deterministic

189 Matador8 the Sneak (level 5, -1/42 HPs)
             Began as a Naga Earth Elementalist on Nov 6, 2019.
             Was a Follower of Uskayaw.
             Slain by Terence
             ... wielding a +1 flail of holy wrath
              (4 damage)
             ... on level 3 of the Dungeon.
             The game lasted 00:15:37 (2336 turns).

Matador8 the Sneak (Naga Earth Elementalist)        Turns: 2336, Time: 00:15:38

Health: -1/42      AC:  2    Str: 10    XL:     5   Next: 68%
Magic:  8/8        EV: 10    Int: 16    God:    Uskayaw [*.....]
Gold:   34         SH:  0    Dex: 12    Spells: 2/8 levels left

rFire    . . .     SeeInvis +   e - +1 dagger (holy)
rCold    . . .     Gourm    .   (no shield)
rNeg     . . .     Faith    .   c - +0 robe
rPois    +         Spirit   .   (no helmet)
rElec    .         Reflect  .   (no cloak)
rCorr    .         Harm     .   (no gloves)
MR       .....                  (no barding)
Stlth    +++.......             (no amulet)
HPRegen  0.14/turn              (no ring)
MPRegen  0.11/turn              (no ring)

@: very slow
A: large, see invisible, deformed body, poison resistance, screaming 1, slowness
2, slow metabolism 1, spit poison 1, wild magic 1, AC +1
a: Spit Poison, Stomp, Renounce Religion


You were on level 3 of the Dungeon.
You worshipped Uskayaw.
Uskayaw was noncommittal.
You were not hungry.

You visited 1 branch of the dungeon, and saw 3 of its levels.

You collected 34 gold pieces.

Inventory:

Hand Weapons
 e - a +1 dagger of holy wrath (weapon)
 f - a +0 dagger
Missiles
 b - 54 stones (quivered)
Armour
 c - a +0 robe (worn)
 j - a +0 ring mail
Jewellery
 g - an uncursed ring of protection from fire {unknown}
Scrolls
 a - 3 scrolls of identify {unknown}
 h - 2 scrolls of teleportation {unknown}
 l - a scroll of enchant armour {unknown}
 o - a scroll of enchant weapon {unknown}
 q - a scroll of amnesia {unknown}
Potions
 k - 3 potions of curing
 m - a potion of degeneration {unknown}
 n - a potion of mutation
Comestibles
 d - 2 rations


   Skills:
 - Level 1.5 Dodging
 + Level 5.4 Stealth
 - Level 2.0 Spellcasting
 * Level 1.7 Conjurations
 - Level 2.1 Transmutations
 + Level 4.5 Earth Magic


You had 2 spell levels left.
You knew the following spells:

 Your Spells              Type           Power        Failure   Level  Hunger
a - Sandblast             Erth           ###...       5%          1    #......
b - Passwall              Tmut/Erth      ###.....     12%         2    ###....
c - Stone Arrow           Conj/Erth      ###...       24%         3    ###....

Your spell library contained the following spells:

 Spells                   Type           Power        Failure   Level  Hunger
 Petrify                  Tmut/Erth      ###.....     54%         4    #####..
 Lee's Rapid Deconstruct  Erth           ###.......   73%         5    ######.


Dungeon Overview and Level Annotations

Branches:
Dungeon (3/15)

Altars:
Kikubaaqudgha
Uskayaw

Annotations:
D:3 Grinder, Terence


Innate Abilities, Weirdness & Mutations

You cannot wear boots.
Your serpentine skin is tough. (AC +1)
You have supernaturally acute eyesight. (SInv)
Armour fits poorly on your strangely shaped body.
Your system is resistant to poisons. (rPois)
You cover ground very slowly.
You have a slow metabolism.
You can spit poison.
You occasionally shout uncontrollably at your foes.
Your spells are a little harder to cast, but a little more powerful.


Message History

The splash of poison hits Terence but does no damage.
Terence is heavily wounded.
You feel slightly more hungry.
Terence hits you with a +1 flail of holy wrath.
* * * LOW HITPOINT WARNING * * *
Okay, then.
Unknown command.
You closely miss Terence.
Terence is heavily wounded.
Terence hits you with a +1 flail of holy wrath!
* * * LOW HITPOINT WARNING * * *
It was a potion of mutation.
You feel extremely strange.
You feel the urge to shout.
You feel less in control of your magic.
You feel stupid.
You feel clever.
You have got your breath back.
Terence barely misses you.
Unknown command.
It was a potion of magic.
Magic courses through your body.
Terence hits you with a +1 flail of holy wrath.
You die...

#+# #.# #.#
###########.##
......@@.....##
#########.....#
#....## #.#.##
#########
#.#.####.......#
#........#######
###.###### #.#
#.#


You could see Terence.

Vanquished Creatures
  2 orc wizards
  7 adders
  An ooze (D:3)
  A dart slug (D:2)
  9 orcs
  2 giant cockroaches
  5 goblins
  2 hobgoblins (D:1)
  9 kobolds
  13 bats
  3 frilled lizards
  7 rats
61 creatures vanquished.

Vanquished Creatures (others)
  An orc (D:3)
1 creature vanquished.

Grand Total: 62 creatures vanquished

Notes
Turn   | Place    | Note
-------+----------+-------------------------------------------
     0 | D:1      | Matador8 the Naga Earth Elementalist began the quest for
                  | the Orb.
     0 | D:1      | Reached XP level 1. HP: 15/15 MP: 3/3
   121 | D:1      | Reached XP level 2. HP: 16/22 MP: 3/5
   661 | D:1      | Learned a level 2 spell: Passwall
   974 | D:2      | Reached XP level 3. HP: 28/28 MP: 4/6
   997 | D:2      | Reached skill level 4 in Stealth
  1018 | D:2      | Reached XP level 4. HP: 8/36 MP: 0/7
  1385 | D:2      | Found a hide-covered altar of Uskayaw.
  1508 | D:2      | Became a worshipper of Uskayaw the Reveler
  1541 | D:2      | Learned a level 3 spell: Stone Arrow
  1546 | D:2      | Reached * piety under Uskayaw
  1555 | D:2      | Reached skill level 5 in Stealth
  1555 | D:2      | Reached XP level 5. HP: 38/42 MP: 2/8
  1804 | D:3      | Reached ** piety under Uskayaw
  1805 | D:3      | Reached skill level 1 in Conjurations
  1812 | D:3      | Reached *** piety under Uskayaw
  1831 | D:3      | Reached **** piety under Uskayaw
  2091 | D:3      | Noticed Grinder
  2270 | D:3      | Found an ancient bone altar of Kikubaaqudgha.
  2318 | D:3      | Noticed Terence
  2334 | D:3      | HP: 2/42 [Terence/+1 flail of holy wrath (7)]
  2335 | D:3      | Gained mutation: You occasionally shout uncontrollably at
                  | your foes. [potion of mutation]
  2335 | D:3      | Gained mutation: Your spells are a little harder to cast,
                  | but a little more powerful. [potion of mutation]
  2335 | D:3      | Gained mutation: You are dopey. (Int -2) [potion of
                  | mutation]
  2335 | D:3      | Lost mutation: You are dopey. (Int -2) [potion of mutation]
  2336 | D:3      | Slain by Terence

Levels and vault maps discovered:
D:1:      dpeg_arrival_oval, layout_basic
D:2:      layout_basic, old_standard_altar, chequers_serial_rivers_micro_c
D:3:      minmay_inner_zag, layout_loops_corners,
          grunt_temple_overflow_holy_war, lemuel_doored_altar,
          marbit_many_paths, uniq_grinder, uniq_terence, uniq_sigmund

Skill      XL: |  1  2  3  4  5 |
---------------+----------------+-----
Stealth        | 4 5 |  5.4
Earth Magic    | 4 |  4.5
Transmutations | 2 |  2.1
Conjurations   | 1 |  1.7
Dodging        | |  1.5
Spellcasting   | |  2.0

Action                   |  1- 3 |  4- 6 || total
-------------------------+-------+-------++-------
Melee: Dagger            |    43 |    82 ||   125
 Cast: Sandblast         |    35 |    18 ||    53
       Stone Arrow       |       |     1 ||     1
 Abil: Spit Poison       |     6 |    17 ||    23
  Use: Potion            |     1 |     3 ||     4
 Stab: Sleeping          |     1 |     3 ||     4
  Eat: Chunk             |       |     6 ||     6
Armor: Robe              |    28 |    13 ||    41
Dodge: Dodged            |    47 |    56 ||   103
